 Dungeon Crawl Stone Soup version 0.27.0-1-g7a089689b8 (webtiles) character file.

Game seed: 13790472632307714181

299 Shaidar the Chopper (level 6, -2/118 HPs)
             Began as a Gnoll Berserker on Aug 10, 2021.
             Was a Priest of Trog.
             Slain by an iron imp (8 damage)
             ... summoned by a kobold demonologist
             ... on level 5 of the Dungeon.
             The game lasted 00:08:09 (3714 turns).

Shaidar the Chopper (Gnoll Berserker)               Turns: 3714, Time: 00:08:09

Health: -2/118     AC: 23    Str: 16    XL:     6   Next: 36%
Magic:  5/5        EV:  2    Int:  6    God:    Trog [***...]
Gold:   179        SH:  0    Dex: 24    Spells: 8/8 levels left

rFire    . . .     SeeInvis .   p - +3 mace of Focus {antimagic, rN++ Str-2 Dex+6}
rCold    . . .     Faith    .   (no shield)
rNeg     + + +     Spirit   .   (armour currently unavailable)
rPois    +         Reflect  .   (helmet currently unavailable)
rElec    .         Harm     .   (cloak currently unavailable)
rCorr    .         Rampage  .   (gloves currently unavailable)
Will     .....     NoTele   +   (boots currently unavailable)
Stlth    ..........             (no amulet)
HPRegen  0.29/turn              c - +6 ring of dexterity
MPRegen  0.09/turn              g - ring of magical power

@: berserking, tree-form, attractive, very quick
A: stationary, stasis, torment immunity, boosted hp, (fangs 1), strong nose,
distributed training
a: Renounce Religion, Berserk, Trog's Hand


You were on level 5 of the Dungeon.
You worshipped Trog.
Trog was most pleased with you.
You were a tree.
You visited 1 branch of the dungeon, and saw 5 of its levels.

You collected 179 gold pieces.

Inventory:

Hand Weapons
 a - a +0 hand axe
 j - a +0 flail
   (You took it off Terence on level 2 of the Dungeon)
 p - the +3 mace of Focus (weapon) {antimagic, rN++ Str-2 Dex+6}
   (You found it on level 4 of the Dungeon)

   It reduces the magical energy of the wielder, and disrupts the spells and
   magical abilities of those it strikes.
   Natural abilities and divine invocations are not affected.
   Str:       It affects your strength (-2).
   Dex:       It affects your dexterity (+6).
   rN:        It greatly protects you from negative energy.
Armour
 f - a +0 pair of gloves (melded)
   (You found it on level 1 of the Dungeon)
 k - a +0 chain mail (melded)
   (You took it off Terence on level 2 of the Dungeon)
Jewellery
 c - a +6 ring of dexterity (left branch)
   (You found it on level 1 of the Dungeon)
 g - a ring of magical power (right branch)
   (You found it on level 1 of the Dungeon)
Scrolls
 d - a scroll of enchant armour {unknown}
 e - 2 scrolls of blinking {unknown}
 i - 4 scrolls of identify {unknown}
 m - a scroll of immolation {unknown}
 n - 2 scrolls of magic mapping {unknown}
 q - a scroll of teleportation {unknown}
Potions
 h - 2 potions of attraction {!q}
 l - a potion of haste {unknown}
 o - a potion of heal wounds {@q2}


   Skills:
 + Level 6.8 Fighting
 + Level 1.9 Short Blades
 + Level 1.9 Long Blades
 + Level 6.8 Axes
 + Level 1.9 Maces & Flails
 + Level 1.9 Polearms
 + Level 1.9 Staves
 + Level 1.9 Slings
 + Level 1.9 Bows
 + Level 1.9 Crossbows
 + Level 1.9 Throwing
 + Level 5.0 Armour
 + Level 5.0 Dodging
 + Level 1.9 Stealth
 + Level 1.9 Shields
 + Level 1.9 Unarmed Combat
 + Level 1.9 Spellcasting
 + Level 1.5 Conjurations
 + Level 1.5 Hexes
 + Level 1.5 Summonings
 + Level 1.5 Necromancy
 + Level 1.5 Translocations
 + Level 1.5 Transmutations
 + Level 1.5 Fire Magic
 + Level 1.5 Ice Magic
 + Level 1.5 Air Magic
 + Level 1.5 Earth Magic
 + Level 1.5 Poison Magic
 + Level 2.1 Invocations
 + Level 1.9 Evocations


You had 8 spell levels left.
You didn't know any spells.
Your spell library was empty.

Dungeon Overview and Level Annotations

Branches:
Dungeon (5/15)
 Temple: D:4-7

Altars:
Kikubaaqudgha
Yredelemnul

Shops:
D:1 !

Annotations:
D:5 1 transporter, Menkaure


Innate Abilities, Weirdness & Mutations

You are a tree.
Your roots penetrate the ground, keeping you stationary.
You cannot be teleported.
You are immune to unholy pain and torment.
Your maximum health is greatly increased.
Your equipment is partially melded.
((You have very sharp teeth.))
Your uncanny sense of smell can sniff out nearby items.
Your experience applies equally to all skills.


Message History

The adder bites you.
* * * LOW HITPOINT WARNING * * *
The white imp hits you but does no damage.
The adder bites you but does no damage.
You closely miss the adder.
You feel sick. The white imp gestures at you.
The puff of frost hits you but does no damage.
The adder bites you but does no damage.
You barely miss the adder.
You feel sick. The adder bites you but does no damage.
The white imp gestures at you. The puff of frost hits you.
* * * LOW HITPOINT WARNING * * *
The adder bites you but does no damage.
The white imp hits you but does no damage.
A red film seems to cover your vision as you go berserk!
You feel yourself moving faster!
You feel mighty!
You feel sick. The adder barely misses you. The white imp hits you.
* * * LOW HITPOINT WARNING * * *
The white imp freezes you.
* * * LOW HITPOINT WARNING * * *
You thump the adder!
You kill the adder!
Trog accepts your kill.
You feel sick.
The white imp hits you but does no damage.
You sock the white imp!
The white imp's magic leaks into the air.
Your punch misses the white imp.
You feel sick.
The white imp hits you but does no damage.
You sock the white imp!
You kill the white imp!
You feel sick.
You sock the howler monkey!
You feel sick.
You are no longer poisoned.
The howler monkey hits you but does no damage.
You sock the howler monkey!
You feel the power of Trog in you as your rage grows.
You kill the howler monkey!
Trog accepts your kill.
Your Armour skill increases to level 5!
Your Dodging skill increases to level 5!
You closely miss the iron imp. You closely miss the iron imp.
The iron imp hits you but does no damage.
The kobold demonologist is pulled toward you!
You hit the iron imp.
The kobold demonologist gestures wildly while chanting.
The iron imp hits you!
You die...

..##......# #. .........####
...#..................#
#.........###..##.....#
.............####....##
#...#......##.##.....#
#...........3......#### .
#...........K5#<......# .#
#..........†♣#.h......#
..###............##.4.....#
...#........#..#####5'#####
...........##..##........##
..............##..........##
.......##>#####............#
..........# ..............#
........### .....(.........#
........# ................#


You could see a kobold demonologist, a sixfirhy (summoned) and an iron imp
(summoned).

Vanquished Creatures
  A phantom (D:4)
  A howler monkey (D:5)
  A hound (D:4)
  Terence (D:2)
  4 adders
  A howler monkey skeleton (D:4)
  An adder skeleton (D:4)
  2 worms
  2 dart slugs
  5 bats
  9 endoplasms
  A giant cockroach (D:2)
  7 goblins
  8 hobgoblins
  3 quokkas
  6 ball pythons
  16 frilled lizards
  7 kobolds
  8 rats
84 creatures vanquished.

Vanquished Creatures (others)
  2 plants (D:1)
2 creatures vanquished.

Grand Total: 86 creatures vanquished

Notes
Turn   | Place    | Note
-------+----------+-------------------------------------------
     0 | D:1      | Shaidar the Gnoll Berserker began the quest for the Orb.
     0 | D:1      | Reached XP level 1. HP: 23/23 MP: 1/1
   171 | D:1      | Reached XP level 2. HP: 29/29 MP: 2/2
   623 | D:1      | Reached ** piety under Trog
   628 | D:1      | Reached XP level 3. HP: 35/35 MP: 3/3
   810 | D:1      | Found Quruett's Distillery.
  1095 | D:2      | Reached skill level 1 in Invocations
  1280 | D:2      | Noticed Terence
  1296 | D:2      | Killed Terence
  1297 | D:2      | Reached skill level 1 in Short Blades
  1297 | D:2      | Reached skill level 1 in Long Blades
  1297 | D:2      | Reached skill level 1 in Maces & Flails
  1297 | D:2      | Reached skill level 1 in Polearms
  1297 | D:2      | Reached skill level 1 in Staves
  1297 | D:2      | Reached skill level 1 in Slings
  1297 | D:2      | Reached skill level 1 in Bows
  1297 | D:2      | Reached skill level 1 in Crossbows
  1297 | D:2      | Reached skill level 1 in Throwing
  1297 | D:2      | Reached skill level 1 in Stealth
  1297 | D:2      | Reached skill level 1 in Shields
  1297 | D:2      | Reached skill level 1 in Unarmed Combat
  1297 | D:2      | Reached skill level 1 in Spellcasting
  1297 | D:2      | Reached skill level 1 in Evocations
  1297 | D:2      | Reached XP level 4. HP: 41/41 MP: 5/5
  1727 | D:2      | Reached skill level 1 in Conjurations
  1727 | D:2      | Reached skill level 1 in Hexes
  1727 | D:2      | Reached skill level 1 in Summonings
  1727 | D:2      | Reached skill level 1 in Necromancy
  1727 | D:2      | Reached skill level 1 in Translocations
  1727 | D:2      | Reached skill level 1 in Transmutations
  1727 | D:2      | Reached skill level 1 in Fire Magic
  1727 | D:2      | Reached skill level 1 in Ice Magic
  1727 | D:2      | Reached skill level 1 in Air Magic
  1727 | D:2      | Reached skill level 1 in Earth Magic
  1727 | D:2      | Reached skill level 1 in Poison Magic
  1785 | D:2      | Found a faded altar of an unknown god.
  2215 | D:3      | Reached *** piety under Trog
  2580 | D:3      | Reached XP level 5. HP: 47/47 MP: 6/6
  2850 | D:4      | Noticed a phantom
  2857 | D:4      | Killed a phantom
  2918 | D:4      | Reached XP level 6. HP: 53/53 MP: 8/8
  3457 | D:4      | Identified the +3 mace of Focus {antimagic, rN++ Str-2
                  | Dex+6}
  3587 | D:5      | Entered Level 5 of the Dungeon
  3598 | D:5      | Found an ancient bone altar of Kikubaaqudgha.
  3599 | D:5      | Noticed Menkaure
  3600 | D:5      | Found a basalt altar of Yredelemnul.
  3601 | D:5      | Noticed a wraith
  3604 | D:5      | Found a transporter.
  3685 | D:5      | Noticed a kobold demonologist
  3686 | D:5      | Noticed an orange demon
  3709 | D:5      | HP: 5/118 [poisoned by an adder]
  3712 | D:5      | Reached skill level 5 in Armour
  3712 | D:5      | Reached skill level 5 in Dodging
  3714 | D:5      | Slain by an iron imp

Illustrated notes

Levels and vault maps discovered:
D:1:      dpeg_arrival_rooms_b, layout_loops_corners, serial_shops, shop_statue,
          minmay_lizard_king
D:2:      layout_basic, serial_curves, eino_curves_03, eino_curves_01,
          shapermc_ecumenical_altar_totnotflames, uniq_terence
D:3:      layout_basic, kennysheep_generic_room_7
D:4:      layout_gridville
D:5:      kennysheep_big_flooded_room, layout_cave_pools,
          gammafunk_temple_of_torment

Skill      XL: |  1  2  3  4  5  6 |
---------------+-------------------+-----
Invocations    | 1 2 |  2.1
Short Blades   | 1 |  1.9
Long Blades    | 1 |  1.9
Maces & Flails | 1 |  1.9
Polearms       | 1 |  1.9
Staves         | 1 |  1.9
Slings         | 1 |  1.9
Bows           | 1 |  1.9
Crossbows      | 1 |  1.9
Throwing       | 1 |  1.9
Stealth        | 1 |  1.9
Shields        | 1 |  1.9
Unarmed Combat | 1 |  1.9
Spellcasting   | 1 |  1.9
Evocations     | 1 |  1.9
Conjurations   | 1 |  1.5
Hexes          | 1 |  1.5
Summonings     | 1 |  1.5
Necromancy     | 1 |  1.5
Translocations | 1 |  1.5
Transmutations | 1 |  1.5
Fire Magic     | 1 |  1.5
Ice Magic      | 1 |  1.5
Air Magic      | 1 |  1.5
Earth Magic    | 1 |  1.5
Poison Magic   | 1 |  1.5
Armour         | 5 |  5.0
Dodging        | 5 |  5.0
Fighting       | |  6.8
Axes           | |  6.8

Action                   |  1- 3 |  4- 6 || total
-------------------------+-------+-------++-------
Melee: Hand axe          |    95 |   116 ||   211
       Bite              |    11 |    21 ||    32
       Punch             |       |     3 ||     3
       Mace              |       |    13 ||    13
Invok: Berserk           |     1 |     1 ||     2
  Use: Potion            |       |     3 ||     3
 Stab: Sleeping          |     1 |       ||     1
Armor: Animal skin       |    17 |       ||    17
       Chain mail        |       |    40 ||    40
       Skin              |       |    12 ||    12
Dodge: Dodged            |    68 |    52 ||   120
